 Dungeon Crawl Stone Soup version 0.24.0-1-gfbc8707 (webtiles) character file.

Game seed: 11550136102841442750, levelgen mode: deterministic

2367 Buxparty the Skirmisher (level 9, -2/74 HPs)
             Began as a Gnoll Wanderer on Jan 8, 2020.
             Was an Initiate of the Shining One.
             Slain by a yak (12 damage)
             ... on level 7 of the Dungeon.
             The game lasted 00:21:56 (5333 turns).

Buxparty the Skirmisher (Gnoll Wanderer)            Turns: 5333, Time: 00:21:56

Health: -2/74      AC:  7    Str: 24    XL:     9   Next: 44%
Magic:  15/15      EV: 14    Int: 14    God:    the Shining One [......]
Gold:   274        SH:  5    Dex: 15    Spells: 16/16 levels left

rFire    . . .     SeeInvis +   a - +2 hand axe
rCold    . . .     Gourm    .   G - +0 buckler of Ufrenwy {-Cast Str+6}
rNeg     . . .     Faith    .   H - +0 troll leather armour
rPois    .         Spirit   .   C - +0 helmet
rElec    .         Reflect  .   (no cloak)
rCorr    .         Harm     .   (no gloves)
MR       .....     NoCast   +   B - +0 pair of boots
Stlth    +.........             (no amulet)
HPRegen  0.62/turn              D - ring of see invisible
MPRegen  0.14/turn              (no ring)

@: flying, glowing
A: distributed training, fangs 1, strong nose
a: Renounce Religion


You were on level 7 of the Dungeon.
You worshipped the Shining One.
The Shining One was noncommittal.
You were not hungry.

You visited 2 branches of the dungeon, and saw 8 of its levels.

You collected 274 gold pieces.

Inventory:

Hand Weapons
 a - a +2 hand axe (weapon)
 b - a +0 shortbow
Missiles
 d - 188 arrows
 m - 57 poisoned darts (quivered)
 r - 32 sling bullets
Armour
 c - a +0 ring mail
 v - the +1 ring mail "Ukimaz" {MR+ rCorr Int-5}
   (You found it on level 3 of the Dungeon)

   It affects your intelligence (-5).
   It affects your resistance to hostile enchantments.
   It provides partial protection from all sources of acid and corrosion.
 B - a +0 pair of boots (worn)
 C - a +0 helmet (worn)
 G - the +0 buckler of Ufrenwy (worn) {-Cast Str+6}
   (You found it on level 5 of the Dungeon)

   It affects your strength (+6).
   It prevents spellcasting.
 H - a +0 troll leather armour (worn)
Jewellery
 D - a ring of see invisible (left hand)
 E - a +3 ring of evasion {unknown}
Wands
 F - a wand of digging (8)
Scrolls
 h - a scroll of teleportation {unknown}
 j - 4 scrolls of remove curse
 k - a scroll of random uselessness {unknown}
 l - 7 scrolls of identify {unknown}
 n - a scroll of fog
 t - a scroll of amnesia {unknown}
 u - a scroll of magic mapping
 w - 2 scrolls of enchant armour {unknown}
 x - a scroll of enchant weapon {unknown}
 y - a scroll of fear {unknown}
Potions
 e - a potion of agility {unknown}
 g - 2 potions of flight
 i - 2 potions of heal wounds {unknown}
 o - a potion of cancellation {unknown}
 p - a potion of mutation {unknown}
 q - a potion of haste {unknown}
 s - 3 potions of lignification {unknown}
 z - 2 potions of brilliance {unknown}
 A - 4 potions of curing {unknown}
 I - a potion of degeneration {unknown}
Comestibles
 f - 11 rations


   Skills:
 + Level 7.8 Fighting
 + Level 4.1 Short Blades
 + Level 4.1 Long Blades
 + Level 6.2 Axes
 + Level 4.1 Maces & Flails
 + Level 4.1 Polearms
 + Level 4.1 Staves
 + Level 4.1 Slings
 + Level 6.2 Bows
 + Level 4.1 Crossbows
 + Level 4.1 Throwing
 + Level 5.0 Armour
 + Level 4.1 Dodging
 + Level 4.1 Stealth
 + Level 4.1 Shields
 + Level 4.1 Unarmed Combat
 + Level 4.1 Spellcasting
 + Level 3.4 Conjurations
 + Level 3.4 Hexes
 + Level 3.4 Charms
 + Level 3.4 Summonings
 + Level 3.4 Necromancy
 + Level 3.4 Translocations
 + Level 3.4 Transmutations
 + Level 3.4 Fire Magic
 + Level 3.4 Ice Magic
 + Level 3.4 Air Magic
 + Level 3.4 Earth Magic
 + Level 3.4 Poison Magic
 + Level 4.6 Invocations
 + Level 6.2 Evocations


You had 16 spell levels left.
You didn't know any spells.
Your spell library was empty.

Dungeon Overview and Level Annotations

Branches:
Dungeon (7/15)             Temple (1/1) D:4

Altars:
Ashenzari
Cheibriados
Dithmenos
Elyvilon
Fedhas
Hepliaklqana
Kikubaaqudgha
Makhleb
Qazlal
Ru
Sif Muna
Uskayaw
Vehumet
Wu Jian
Yredelemnul
Zin
The Shining One


Innate Abilities, Weirdness & Mutations

Your experience applies equally to all skills.
You have very sharp teeth.
Your uncanny sense of smell can sniff out nearby items.


Message History

The yak is severely wounded.
You hit the yak. The yak barely misses you.
You slash the yak!
The yak is almost dead.
You hit the yak. You block the yak's attack. The yak gores you!
You barely miss the yak.
The yak is almost dead.
You hit the yak. The yak gores you!
* * * LOW HITPOINT WARNING * * *
The yak gores you!
* * * LOW HITPOINT WARNING * * *
The yak gores you but does no damage.
You hit the yak.
You kill the yak!
Your Armour skill increases to level 5!
You hit the yak. You block the yak's attack.
It was a potion of flight.
You feel very buoyant.
You fly up into the air.
The yak gores you!
You die...

### ###<####
#......######
#Y#....#....#
#Y######.##.#
#.Y......##.#
#@#########.# #.#
#.......#
######.####..#
#......#.....#
#.######.###.## #.#
#......#
#########.#############
.....................#
.........>##########.#


You could see 3 yaks.

Vanquished Creatures
  Grinder (D:5)
  2 yaks (D:7)
  Menkaure (D:4)
  A water moccasin (D:6)
  An ice beast (D:6)
  A sky beast (D:5)
  2 ogres
  3 centaurs (D:5)
  4 bullfrogs
  A scorpion (D:4)
  A howler monkey (D:5)
  3 hounds
  2 orc priests (D:4)
  2 jellies
  2 orc wizards (D:4)
  2 centaur skeletons
  An iguana (D:4)
  Jessica (D:2)
  Natasha (twice) (D:2)
  5 worker ants
  4 gnolls (D:4)
  2 adders
  An ooze (D:1)
  4 worms
  2 dart slugs
  7 leopard geckos
  7 orcs
  2 ball pythons
  11 bats
  5 giant cockroaches
  15 goblins
  10 hobgoblins
  4 jackals (D:1)
  8 kobolds
  2 quokkas
  7 frilled lizards
  6 rats
135 creatures vanquished.

Notes
Turn   | Place    | Note
-------+----------+-------------------------------------------
     0 | D:1      | Buxparty the Gnoll Wanderer began the quest for the Orb.
     0 | D:1      | Buxparty set off with the following items: a +2 hand axe, a
                  | +0 ring mail, a +0 shortbow, 25 arrows, a ration
     0 | D:1      | Reached XP level 1. HP: 23/23 MP: 3/3
    55 | D:1      | Reached XP level 2. HP: 27/29 MP: 5/5
   334 | D:1      | Reached XP level 3. HP: 35/35 MP: 6/6
   655 | D:2      | Reached skill level 1 in Invocations
   717 | D:2      | Noticed Natasha
   724 | D:2      | Killed Natasha
   724 | D:2      | Reached skill level 1 in Short Blades
   724 | D:2      | Reached skill level 1 in Long Blades
   724 | D:2      | Reached skill level 1 in Maces & Flails
   724 | D:2      | Reached skill level 1 in Polearms
   724 | D:2      | Reached skill level 1 in Staves
   724 | D:2      | Reached skill level 1 in Slings
   724 | D:2      | Reached skill level 1 in Crossbows
   724 | D:2      | Reached skill level 1 in Throwing
   724 | D:2      | Reached skill level 1 in Dodging
   724 | D:2      | Reached skill level 1 in Stealth
   724 | D:2      | Reached skill level 1 in Shields
   724 | D:2      | Reached skill level 1 in Unarmed Combat
   724 | D:2      | Reached skill level 1 in Spellcasting
   724 | D:2      | Reached XP level 4. HP: 32/41 MP: 7/7
   827 | D:2      | Noticed Jessica
   832 | D:2      | Killed Jessica
   832 | D:2      | Reached skill level 1 in Conjurations
   832 | D:2      | Reached skill level 1 in Hexes
   832 | D:2      | Reached skill level 1 in Charms
   832 | D:2      | Reached skill level 1 in Summonings
   832 | D:2      | Reached skill level 1 in Necromancy
   832 | D:2      | Reached skill level 1 in Translocations
   832 | D:2      | Reached skill level 1 in Transmutations
   832 | D:2      | Reached skill level 1 in Fire Magic
   832 | D:2      | Reached skill level 1 in Ice Magic
   832 | D:2      | Reached skill level 1 in Air Magic
   832 | D:2      | Reached skill level 1 in Earth Magic
   832 | D:2      | Reached skill level 1 in Poison Magic
  1034 | D:2      | Noticed Natasha
  1044 | D:2      | Killed Natasha
  1044 | D:2      | Reached XP level 5. HP: 33/47 MP: 8/8
  1415 | D:2      | Found a hide-covered altar of Uskayaw.
  1415 | D:2      | Found a sacrificial altar of Ru.
  1420 | D:2      | Reached XP level 6. HP: 52/53 MP: 9/9
  1802 | D:3      | Found a burning altar of Makhleb.
  1832 | D:3      | Got a bronze ring mail
  1843 | D:3      | Identified the cursed +1 ring mail "Ukimaz" {MR+ rCorr
                  | Int-5} (You found it on level 3 of the Dungeon)
  2111 | D:3      | Found an ancient bone altar of Kikubaaqudgha.
  2345 | D:4      | Reached skill level 5 in Axes
  2345 | D:4      | Reached skill level 5 in Bows
  2345 | D:4      | Reached skill level 5 in Evocations
  2687 | D:4      | Reached XP level 7. HP: 49/59 MP: 10/10
  2826 | D:4      | Reached skill level 7 in Fighting
  3115 | D:4      | Noticed Menkaure
  3162 | D:5      | Entered Level 5 of the Dungeon
  3509 | D:5      | Noticed Grinder
  3520 | D:5      | Paralysed by Grinder for 4 turns
  3526 | D:5      | Killed Grinder
  3526 | D:5      | Reached XP level 8. HP: 65/67 MP: 10/12
  3811 | D:5      | Got a fine buckler
  3818 | D:5      | Identified the cursed +0 buckler of Ufrenwy {-Cast Str+6}
                  | (You found it on level 5 of the Dungeon)
  4075 | D:5      | Found a blossoming altar of Fedhas.
  4182 | D:4      | Killed Menkaure
  4312 | D:4      | Found a staircase to the Ecumenical Temple.
  4344 | Temple   | Entered the Ecumenical Temple
  4489 | Temple   | Became a worshipper of the Shining One
  4643 | D:6      | Reached XP level 9. HP: 41/72 MP: 14/14
  5332 | D:7      | Reached skill level 5 in Armour
  5333 | D:7      | Slain by a yak

Levels and vault maps discovered:
D:1:      dpeg_arrival_simpleton_b, layout_rooms
D:2:      layout_loops_ring, gammafunk_temple_overflow_wave, first_ration,
          uniq_jessica, uniq_natasha
D:3:      layout_loops_ring, kiku_gazebo_pond_becter, makhleb_heckhound_becter,
          dk_noncrumbling_4
D:4:      layout_basic, minmay_temple_entry_trees, minmay_bisected,
          uniq_menkaure
D:5:      layout_rooms, kennysheep_little_box, st_stairs_13, amethyst_killhole,
          kennysheep_generic_room_2, uniq_grinder
D:6:      layout_cave_pools
D:7:      layout_basic, the_bakery
Temple:   nicolae_temple_hex_pool

Skill      XL: |  1  2  3  4  5  6  7  8  9 |
---------------+----------------------------+-----
Invocations    | 1 2 3 4 |  4.6
Short Blades   | 1 2 3 4 |  4.1
Long Blades    | 1 2 3 4 |  4.1
Maces & Flails | 1 2 3 4 |  4.1
Polearms       | 1 2 3 4 |  4.1
Staves         | 1 2 3 4 |  4.1
Slings         | 1 2 3 4 |  4.1
Crossbows      | 1 2 3 4 |  4.1
Throwing       | 1 2 3 4 |  4.1
Dodging        | 1 2 3 4 |  4.1
Stealth        | 1 2 3 4 |  4.1
Shields        | 1 2 3 4 |  4.1
Unarmed Combat | 1 2 3 4 |  4.1
Spellcasting   | 1 2 3 4 |  4.1
Conjurations   | 1 2 3 |  3.4
Hexes          | 1 2 3 |  3.4
Charms         | 1 2 3 |  3.4
Summonings     | 1 2 3 |  3.4
Necromancy     | 1 2 3 |  3.4
Translocations | 1 2 3 |  3.4
Transmutations | 1 2 3 |  3.4
Fire Magic     | 1 2 3 |  3.4
Ice Magic      | 1 2 3 |  3.4
Air Magic      | 1 2 3 |  3.4
Earth Magic    | 1 2 3 |  3.4
Poison Magic   | 1 2 3 |  3.4
Armour         | 3 4 5 |  5.0
Axes           | 5 6 |  6.2
Bows           | 5 6 |  6.2
Evocations     | 5 6 |  6.2
Fighting       | 7 |  7.8

Action                   |  1- 3 |  4- 6 |  7- 9 || total
-------------------------+-------+-------+-------++-------
Melee: Hand axe          |    62 |    97 |   162 ||   321
       Bite              |     4 |    11 |    22 ||    37
       Punch             |       |       |     1 ||     1
 Fire: Shortbow          |    32 |    72 |    46 ||   150
Throw: Dart              |       |       |     7 ||     7
  Use: Scroll            |       |     3 |     1 ||     4
       Potion            |       |       |     1 ||     1
 Stab: Sleeping          |       |       |     1 ||     1
  Eat: Ration            |       |     2 |     2 ||     4
Armor: Ring mail         |    26 |    45 |    11 ||    82
       Troll leather arm |       |       |    23 ||    23
Dodge: Dodged            |    35 |    55 |    75 ||   165
Block: Buckler           |       |       |    23 ||    23
